 Dungeon Crawl Stone Soup version 0.29.0-4-gdea44cf6ec (webtiles) character file.

Game seed: 16568345688502216385

925 qw the Cleaver (level 8, -3/46 HPs)
             Began as a Tengu Warper on Aug 28, 2022.
             Was a Follower of Okawaru.
             Slain by an iguana (8 damage)
             ... on level 5 of the Dungeon.
             The game lasted 00:00:37 (5233 turns).

qw the Cleaver (Tengu Warper)                       Turns: 5233, Time: 00:00:38

Health: -3/46      AC: 14    Str: 14    XL:     8   Next: 10%
Magic:  10/12      EV:  7    Int: 14    God:    Okawaru [*.....]
Gold:   260        SH:  5    Dex: 13    Spells: 11/11 levels left

rFire   . . .      SeeInvis .   e - +1 broad axe (freeze)
rCold   . . .      Faith    .   g - +0 buckler
rNeg    + . .      Spirit   .   q - +0 plate armour
rPois   +          Reflect  .   (helmet restricted)
rElec   .          Harm     .   (no cloak)
rCorr   .          Rampage  .   k - +0 pair of gloves
Will    .....                   (boots unavailable)
Stlth   ..........              (no amulet)
HPRegen 0.15/turn               f - ring of positive energy
MPRegen 0.13/turn               j - ring of poison resistance

@: about to teleport, heroic, flying quickly and evasively, quick
A: beak, talons 3, nimble flight
a: Renounce Religion, Heroism


You were on level 5 of the Dungeon.
You worshipped Okawaru.
Okawaru was aware of your devotion.
You visited 1 branch of the dungeon, and saw 5 of its levels.

You collected 299 gold pieces.
You spent 39 gold pieces at shops.


Innate Abilities, Weirdness & Mutations

You have a beak for a mouth.
You have claws for feet.
Your magical nature lets you fly swiftly and evasively.


   Skills:
 - Level 3.2(8.2) Fighting
 + Level 8.2(13.2) Axes
 - Level 1.0(6.0) Throwing
 - Level 3.0(8.0) Armour
 - Level 2.1(7.1) Dodging
 - Level 2.0(7.0) Shields
 - Level 2.0 Spellcasting
 - Level 2.4 Translocations
 + Level 2.4 Invocations


You had 11 spell levels left.
You didn't know any spells.
Your spell library contained the following spells:

 Spells                   Type           Power      Damage    Failure   Level
 Blink                    Tloc           16%        N/A       100%        2
 Gell's Gravitas          Tloc           8%         N/A       100%        3
 Lesser Beckoning         Tloc           8%         N/A       100%        3
 Teleport Other           Tloc           8%         N/A       100%        3
 Manifold Assault         Tloc           8%         N/A       100%        5

Inventory:

Hand Weapons
 a - a +0 flail
 e - a +1 broad axe of freezing (weapon)
Armour
 g - a +0 buckler (worn)
 k - a +0 pair of gloves (worn)
 q - a +0 plate armour (worn)
Jewellery
 f - a ring of positive energy (left hand)
 j - a ring of poison resistance (right hand)
 m - a ring of poison resistance
Scrolls
 n - 2 scrolls of identify
Potions
 c - a potion of resistance
 d - 2 potions of mutation
 h - a potion of haste
 i - 2 potions of might
 l - a potion of magic {unknown}
 o - 2 potions of curing
 p - a potion of brilliance {unknown}
 r - a potion of ambrosia {unknown}

Dungeon Overview and Level Annotations

Branches:
Dungeon (5/15)             Temple (0/1) D:4

Altars:
Ashenzari
Cheibriados
Gozag
Makhleb
Nemelex Xobeh
Okawaru
Trog
Wu Jian
Xom
Yredelemnul
Zin
The Shining One

Shops:
D:1 *


Message History

Things that are here:
a +0 dagger; a +0 leather armour You see here a +0 hand axe. 2 orcs come into view.
An orc is wielding a +2 hand axe of distortion.
An orc is wielding a +0 vorpal hand axe.
The orc shouts! x2
An orc comes into view. It is wielding a +0 falchion.
An iguana comes into view.
5226 ||| INVOKING Heroism.
You gain the combat prowess of a mighty hero.
The iguana hisses angrily.
The orc hits you with a +2 hand axe of distortion.
Space warps around you.
You barely miss the orc.
The orc hits you with a +2 hand axe of distortion.
Space warps horribly around you!
You barely miss the orc. You closely miss the orc. You claw the orc.
The orc is severely wounded.
You completely miss the orc.
The orc hits you with a +0 vorpal hand axe.
You closely miss the orc. Your kick misses the orc.
The orc is severely wounded.
You hit the orc. You freeze the orc. The orc hits you but does no damage.
The orc completely misses you.
You closely miss the orc. Your kick misses the orc. You peck the orc.
You kill the orc!
Okawaru accepts your kill.
You closely miss the orc. You block the orc's attack.
You hit the orc. You freeze the orc. You claw the orc.
You kill the orc!
Okawaru accepts your kill.
You barely miss the orc. The orc hits you but does no damage.
Space warps horribly around you!
5233 ||| READING scroll of teleportation.
As you read the scroll of teleportation, it crumbles to dust.
You feel strangely unstable. The iguana bites you!
You die...

.......#....#.....#
.....#
.......#....#.....#
.....#
.......#....#.....#
.......#....#.>...#
.......#....#.....#
.......#....#.....#
.......#....#..)..#
#....########.##)##
#....## #+ #@#
#.....#
.......ol......
'.....#
...............
#.....#
....?..........
#######
............... #
.....##........ #
..... #........ #
..... #....##.. #


You could see an iguana and an orc.

Vanquished Creatures
  Sigmund (D:2)
  An ice beast (D:5)
  An ogre (D:4)
  2 scorpions
  A necrophage (D:4)
  A jelly (D:4)
  2 orc priests
  An iguana (D:4)
  An orc wizard (D:5)
  4 gnolls (D:4)
  8 adders
  3 worms (D:2)
  4 dart slugs
  22 orcs
  7 ball pythons
  6 bats
  8 endoplasms
  8 giant cockroaches
  4 goblins
  11 hobgoblins
  6 quokkas
  A frilled lizard (D:2)
  15 kobolds
  5 rats
123 creatures vanquished.

Vanquished Creatures (others)
  14 plants (D:2)
14 creatures vanquished.

Grand Total: 137 creatures vanquished

Notes
Turn   | Place    | Note
-------+----------+-------------------------------------------
     0 | D:1      | qw the Tengu Warper began the quest for the Orb.
     0 | D:1      | Reached XP level 1. HP: 12/12 MP: 4/4
     0 | D:1      | 0 ||| qw: Version: 0.1-a-89-g26bdef1
     0 | D:1      | 0 ||| qw: Game counter: 2396
     0 | D:1      | 0 ||| qw: Always use a shield: true
     0 | D:1      | 0 ||| qw: God list: Okawaru
     0 | D:1      | 0 ||| qw: Allow faded altars: false
     0 | D:1      | 0 ||| qw: Do Orc after D:15 true
     0 | D:1      | 0 ||| qw: Do second Lair branch before Depths: true
     0 | D:1      | 0 ||| qw: Lair rune preference: random
     0 | D:1      | 0 ||| qw: Plans: Normal
     0 | D:1      | 0 ||| PLANNING D:1-11
   189 | D:1      | 189 ||| Stepping ~*~*~tactically~*~*~ (stealth).
   192 | D:1      | 192 ||| Stepping ~*~*~tactically~*~*~ (stealth).
   234 | D:1      | Reached skill level 3 in Axes
   234 | D:1      | Reached XP level 2. HP: 17/17 MP: 6/6
   235 | D:1      | 235 ||| Stepping ~*~*~tactically~*~*~ (hiding).
   412 | D:1      | 412 ||| DROPPING +0 club.
   455 | D:1      | Found Vufeuwn's Assorted Antiques.
   461 | D:1      | 461 ||| BUYING 2 fuming ruby potions (39 gold).
   461 | D:1      | Bought 2 fuming ruby potions for 39 gold pieces
   461 | D:1      | 461 ||| SHOPLISTING grey potion (19 gold, have 13).
   461 | D:1      | 461 ||| SHOPLISTING pink potion (19 gold, have 13).
   461 | D:1      | 461 ||| SHOPLISTING white potion (19 gold, have 13).
   468 | D:1      | Found a faded altar of an unknown god.
   726 | D:1      | Reached XP level 3. HP: 21/21 MP: 7/7
   880 | D:1      | 880 ||| UPGRADING to ring of positive energy.
   881 | D:1      | 881 ||| READING scroll labelled HAGEVE NIPSURORGH.
   882 | D:1      | 882 ||| READING scroll labelled QIHAEZX LEASOR.
   883 | D:1      | 883 ||| READING scroll labelled ZAUV RUNGUC.
   884 | D:1      | 884 ||| DRINKING 2 fuming ruby potions.
   885 | D:1      | 885 ||| DROPPING scroll of blinking.
   902 | D:2      | Noticed Sigmund
   919 | D:2      | Killed Sigmund
   920 | D:2      | Reached skill level 6 in Axes
   920 | D:2      | Reached XP level 4. HP: 7/26 MP: 8/8
   920 | D:2      | Gained mutation: Your magical nature lets you fly swiftly
                  | and evasively. [Tengu growth]
   920 | D:2      | Reached XP level 5. HP: 9/30 MP: 9/9
  1214 | D:2      | 1214 ||| Stepping ~*~*~tactically~*~*~ (stealth).
  1334 | D:2      | 1334 ||| Stepping ~*~*~tactically~*~*~ (stealth).
  1586 | D:2      | 1586 ||| Stepping ~*~*~tactically~*~*~ (hiding).
  1672 | D:2      | 1672 ||| Stepping ~*~*~tactically~*~*~ (stealth).
  1682 | D:2      | Reached XP level 6. HP: 33/35 MP: 10/10
  1713 | D:2      | 1713 ||| Stepping ~*~*~tactically~*~*~ (stealth).
  1714 | D:2      | 1714 ||| Stepping ~*~*~tactically~*~*~ (stealth).
  1749 | D:2      | 1749 ||| Stepping ~*~*~tactically~*~*~ (stealth).
  1754 | D:2      | 1754 ||| Stepping ~*~*~tactically~*~*~ (stealth).
  1907 | D:2      | 1907 ||| Stepping ~*~*~tactically~*~*~ (stealth).
  1908 | D:2      | 1908 ||| Stepping ~*~*~tactically~*~*~ (stealth).
  2086 | D:2      | 2086 ||| UPGRADING to +0 ring mail.
  2096 | D:2      | 2096 ||| DROPPING +0 leather armour.
  2097 | D:2      | 2097 ||| UPGRADING to +1 chain mail of positive energy.
  2107 | D:2      | 2107 ||| DROPPING +0 ring mail.
  2108 | D:2      | 2108 ||| UPGRADING to +0 plate armour.
  2118 | D:2      | 2118 ||| DROPPING +1 chain mail of positive energy.
  2119 | D:2      | 2119 ||| UPGRADING to amulet of guardian spirit.
  2124 | D:2      | 2124 ||| UPGRADING to ring of poison resistance.
  2125 | D:2      | 2125 ||| READING scroll labelled MEUX FIFASIGE.
  2126 | D:2      | 2126 ||| READING scroll labelled HIRICA DULA.
  2127 | D:2      | 2127 ||| READING scroll labelled FONETIY ZYSEFF.
  2128 | D:2      | 2128 ||| READING scroll labelled NYOP ROGAPN.
  2169 | D:3      | 2169 ||| Stepping ~*~*~tactically~*~*~ (stealth).
  2174 | D:3      | 2174 ||| Stepping ~*~*~tactically~*~*~ (stealth).
  2213 | D:3      | 2213 ||| Stepping ~*~*~tactically~*~*~ (stealth).
  2222 | D:3      | 2222 ||| FLEEEEING.
  2223 | D:3      | 2223 ||| FLEEEEING.
  2224 | D:3      | 2224 ||| FLEEEEING.
  2225 | D:3      | 2225 ||| FLEEEEING.
  2226 | D:3      | 2226 ||| FLEEEEING.
  2227 | D:3      | 2227 ||| FLEEEEING.
  2229 | D:3      | 2229 ||| FLEEEEING.
  2230 | D:3      | 2230 ||| FLEEEEING.
  2235 | D:3      | 2235 ||| FLEEEEING.
  2236 | D:3      | 2236 ||| STAIRDANCE
  2335 | D:3      | 2335 ||| DROPPING +0 whip.
  2509 | D:3      | 2509 ||| Stepping ~*~*~tactically~*~*~ (stealth).
  2511 | D:3      | 2511 ||| Stepping ~*~*~tactically~*~*~ (hiding).
  2652 | D:3      | Found a shimmering altar of Xom.
  2664 | D:3      | Found a basalt altar of Yredelemnul.
  2665 | D:3      | Found a glowing golden altar of the Shining One.
  2666 | D:3      | Found a burning altar of Makhleb.
  2666 | D:3      | Found an iron altar of Okawaru.
  2668 | D:3      | Found a broken altar of Ashenzari.
  2669 | D:3      | Found a snail-covered altar of Cheibriados.
  2672 | D:3      | Became a worshipper of Warmaster Okawaru
  2673 | D:3      | 2673 ||| REMOVING amulet of guardian spirit.
  2679 | D:3      | Found an ornate altar of the Wu Jian Council.
  2680 | D:3      | Found a sparkling altar of Nemelex Xobeh.
  2763 | D:3      | Found an opulent altar of Gozag.
  2913 | D:3      | Found a bloodstained altar of Trog.
  2984 | D:3      | Reached skill level 7 in Axes
  3281 | D:3      | Found a glowing silver altar of Zin.
  3339 | D:3      | 3339 ||| UPGRADING to +0 pair of gloves.
  3344 | D:3      | 3344 ||| DROPPING amulet of guardian spirit.
  3345 | D:3      | 3345 ||| READING scroll labelled EKLAYC QYMPAU.
  3346 | D:3      | 3346 ||| DRINKING 2 sedimented golden potions.
  3347 | D:3      | 3347 ||| DRINKING 3 fuming golden potions.
  3348 | D:3      | 3348 ||| DRINKING 2 pink potions.
  3349 | D:3      | 3349 ||| DRINKING 2 gluggy blue potions.
  3350 | D:3      | 3350 ||| READING 3 scrolls of identify.
  3350 | D:3      | 3350 ||| IDENTIFYING smoky golden potion
  3351 | D:3      | 3351 ||| READING 2 scrolls of identify.
  3351 | D:3      | 3351 ||| IDENTIFYING grey potion
  3352 | D:3      | 3352 ||| DROPPING potion of attraction.
  3353 | D:3      | 3353 ||| DROPPING potion of invisibility.
  3507 | D:4      | Found a staircase to the Ecumenical Temple.
  3522 | D:4      | 3522 ||| Stepping ~*~*~tactically~*~*~ (stealth).
  3528 | D:4      | 3528 ||| Stepping ~*~*~tactically~*~*~ (stealth).
  3568 | D:4      | 3568 ||| SWAPPING to +1 broad axe of freezing.
  3569 | D:4      | 3569 ||| DROPPING +1 hand axe.
  3606 | D:4      | 3606 ||| Stepping ~*~*~tactically~*~*~ (stealth).
  3615 | D:4      | 3615 ||| Stepping ~*~*~tactically~*~*~ (stealth).
  3620 | D:4      | 3620 ||| Stepping ~*~*~tactically~*~*~ (stealth).
  3622 | D:4      | 3622 ||| Stepping ~*~*~tactically~*~*~ (stealth).
  3624 | D:4      | 3624 ||| Stepping ~*~*~tactically~*~*~ (stealth).
  3630 | D:4      | Reached skill level 3 in Armour
  3631 | D:4      | 3631 ||| Stepping ~*~*~tactically~*~*~ (stealth).
  3632 | D:4      | 3632 ||| Stepping ~*~*~tactically~*~*~ (stealth).
  3633 | D:4      | 3633 ||| Stepping ~*~*~tactically~*~*~ (stealth).
  3651 | D:4      | 3651 ||| Stepping ~*~*~tactically~*~*~ (stealth).
  3655 | D:4      | 3655 ||| Stepping ~*~*~tactically~*~*~ (stealth).
  3656 | D:4      | 3656 ||| Stepping ~*~*~tactically~*~*~ (stealth).
  3660 | D:4      | 3660 ||| Stepping ~*~*~tactically~*~*~ (stealth).
  3684 | D:4      | 3684 ||| Stepping ~*~*~tactically~*~*~ (stealth).
  3693 | D:4      | Reached skill level 3 in Fighting
  3693 | D:4      | Reached XP level 7. HP: 32/41 MP: 11/11
  3694 | D:4      | 3694 ||| Stepping ~*~*~tactically~*~*~ (hiding).
  3732 | D:4      | 3732 ||| FLEEEEING.
  3815 | D:4      | 3815 ||| Stepping ~*~*~tactically~*~*~ (stealth).
  4106 | D:4      | Reached * piety under Okawaru
  4172 | D:4      | 4172 ||| INVOKING Heroism.
  4179 | D:4      | Reached skill level 8 in Axes
  4466 | D:4      | 4466 ||| UPGRADING to +0 buckler.
  4471 | D:4      | 4471 ||| READING 2 scrolls of identify.
  4471 | D:4      | 4471 ||| IDENTIFYING lumpy sapphire potion
  4472 | D:4      | 4472 ||| DROPPING potion of degeneration.
  4498 | D:5      | Entered Level 5 of the Dungeon
  4532 | D:5      | Reached skill level 1 in Shields
  4532 | D:5      | Reached skill level 1 in Invocations
  4533 | D:5      | 4533 ||| FLEEEEING.
  4534 | D:5      | 4534 ||| FLEEEEING.
  4535 | D:5      | 4535 ||| FLEEEEING.
  4536 | D:5      | 4536 ||| FLEEEEING.
  4537 | D:5      | 4537 ||| FLEEEEING.
  4538 | D:5      | 4538 ||| FLEEEEING.
  4539 | D:5      | 4539 ||| STAIRDANCE
  4594 | D:4      | 4594 ||| DRINKING 2 sedimented pink potions.
  4642 | D:4      | 4642 ||| DROPPING potion of lignification.
  4648 | D:5      | 4648 ||| INVOKING Heroism.
  4650 | D:5      | HP: 9/41 [ice beast (6)]
  4651 | D:5      | 4651 ||| READING 2 scrolls of teleportation.
  4653 | D:5      | Reached XP level 8. HP: 11/46 MP: 9/12
  4653 | D:5      | 4653 ||| STAIRDANCE
  5013 | D:5      | 5013 ||| INVOKING Heroism.
  5047 | D:5      | 5047 ||| INVOKING Heroism.
  5049 | D:5      | 5049 ||| Stepping ~*~*~tactically~*~*~ (stealth).
  5208 | D:5      | 5208 ||| Stepping ~*~*~tactically~*~*~ (stealth).
  5210 | D:5      | 5210 ||| Stepping ~*~*~tactically~*~*~ (stealth).
  5226 | D:5      | 5226 ||| INVOKING Heroism.
  5232 | D:5      | HP: 5/46 [orc/+2 hand axe of distortion (11)]
  5233 | D:5      | 5233 ||| READING scroll of teleportation.
  5233 | D:5      | Slain by an iguana

Levels and vault maps discovered:
D:1:      lemuel_arrival_cross, layout_basic, serial_shops, shop,
          hellmonk_ecumenical_altar_heavens_door, serial_park_tiny_pond,
          minmay_misc_feat_x
D:2:      layout_loops_cross, serial_bayou_pond_c, uniq_sigmund
D:3:      layout_basic, pdpol_temple_overflow_zin_treasury_gozag_greed,
          trog_butcher_becter, minitemple, minmay_misc_feat_cross
D:4:      layout_basic, minmay_temple_entry_tees, st_stairs_2,
          minmay_diced_spiral
D:5:      layout_gridville, item_on_display_a

Skill      XL: |  1  2  3  4  5  6  7  8 |
---------------+-------------------------+-----
Axes           | 3 6 7 8 |  8.2
Armour         | 3 |  3.0
Fighting       | 3 |  3.2
Shields        | 1 2 |  2.0
Invocations    | 2 |  2.4
Throwing       | |  1.0
Dodging        | |  2.1
Spellcasting   | |  2.0
Translocations | |  2.4

Action                   |  1- 3 |  4- 6 |  7- 9 || total
-------------------------+-------+-------+-------++-------
Melee: Hand axe          |    61 |   136 |       ||   197
       Kick              |    17 |    40 |    19 ||    76
       Peck              |     9 |    22 |    12 ||    43
       Punch             |     1 |     3 |       ||     4
       Broad axe         |       |    18 |    74 ||    92
Throw: Boomerang         |     7 |    14 |     6 ||    27
Invok: Heroism           |       |       |     5 ||     5
  Use: Scroll            |     3 |     7 |     3 ||    13
       Potion            |     1 |     4 |     1 ||     6
Armor: Leather armour    |    14 |     3 |       ||    17
       Plate armour      |       |    49 |    36 ||    85
Dodge: Dodged            |    30 |    41 |    16 ||    87
Block: Buckler           |       |       |     7 ||     7

Table legend:
 A = Non-vault XP
 B = Vault XP
 C = Vault XP percentage of total XP
 D = Non-vault monster count
 E = Vault monster count
 F = Vault count percentage of total count
                 A         B        C        D         E       F
            +---------+---------+-------+---------+---------+-------
      Total |     943 |     379 |  28.7 |     109 |      14 |  11.4
            +---------+---------+-------+---------+---------+-------
        D:1 |      36 |       0 |   0.0 |      20 |       0 |   0.0
        D:2 |      66 |     231 |  77.8 |      27 |       1 |   3.6
        D:3 |     114 |       8 |   6.6 |      22 |       4 |  15.4
        D:4 |     405 |     140 |  25.7 |      23 |       9 |  28.1
        D:5 |     322 |       0 |   0.0 |      17 |       0 |   0.0
            +---------+---------+-------+---------+---------+-------
